 Dungeon Crawl Stone Soup version 0.21-a0-461-g2470eb2 (webtiles) character file.

40441 Dysjunc the Basher (level 13, -11/103 HPs)
             Began as a Demonspawn Berserker on Nov 20, 2017.
             Was a Priest of Trog.
             Splashed by an oklob plant's acid (14 damage)
             ... on level 3 of the Lair of Beasts.
             The game lasted 01:09:52 (19156 turns).

Dysjunc the Basher (Demonspawn Berserker)          Turns: 19156, Time: 01:09:53

Health: -11/103    AC: 13    Str: 24    XL:     13   Next: 74%
Magic:  16/16      EV: 12    Int:  9    God:    Trog [***...]
Gold:   1084       SH:  0    Dex: 14    Spells: 12/12 levels left

rFire    + + +     SeeInvis +   D - +5 dire flail (venom)
rCold    + . .     Gourm    .   (shield currently unavailable)
rNeg     . . .     Faith    +   b - +1 plate armour
rPois    .         Spirit   .   (helmet unavailable)
rElec    .         Reflect  .   i - +1 cloak
rCorr    .         Harm     .   C - +2 pair of gloves {Str+3}
MR       +....                  (no boots)
Stlth    ..........             H - amulet of faith
HPRegen  0.27/turn              T - ring of protection from magic
MPRegen  0.15/turn              u - ring of stealth

@: corroded, berserk cooldown, slowed, very slow
A: antennae 3, molten scales 3, blink, clumsy 1, cold resistance 1, fire
resistance 2, low mp 1, mutation resistance 1, nightstalker 1, strong 1, wild
magic 1
a: Blink, Berserk, Trog's Hand, Burn Spellbooks, Renounce Religion


You were on level 3 of the Lair of Beasts.
You worshipped Trog.
Trog was most pleased with you.
You were not hungry.

You visited 2 branches of the dungeon, and saw 17 of its levels.
You also visited: Labyrinth.

You collected 1172 gold pieces.
You spent 88 gold pieces at shops.

Inventory:

Hand Weapons
 D - a +5 dire flail of venom (weapon)
 W - a +0 morningstar of draining
 Y - a +3 mace of protection
Missiles
 h - 494 stones (quivered)
 s - 32 tomahawks
Armour
 b - a +1 plate armour (worn)
 i - a +1 cloak (worn)
 v - a +2 leather armour of positive energy
 x - a +0 leather armour of poison resistance
 C - a +2 pair of gloves of strength (worn)
 G - a +1 pair of boots
Jewellery
 g - a +1 ring of protection
 t - an uncursed ring of magical power
 u - a ring of stealth (right hand)
 w - an uncursed ring of fire
 H - an amulet of faith (around neck)
 K - a +2 ring of protection
 T - a ring of protection from magic (left hand)
 X - an uncursed ring of stealth
Wands
 a - a wand of acid (13)
 n - a wand of disintegration (13)
 E - a wand of enslavement (47)
 I - a wand of random effects (76)
 L - a wand of flame (38)
 O - a wand of paralysis (34)
 P - a wand of clouds (4)
 R - a wand of iceblast (12)
Scrolls
 f - 14 scrolls of remove curse
 q - 2 scrolls of blinking
 r - 6 scrolls of teleportation
 y - 2 scrolls of fog
 B - 2 scrolls of magic mapping
 M - a scroll of fear
 N - a scroll of holy word
 Q - a scroll of torment
Potions
 d - a potion of brilliance
 e - 5 potions of lignification
 j - 3 potions of magic
 l - 10 potions of curing
 o - a potion of mutation
 p - 2 potions of cancellation
 z - 3 potions of agility
 A - a potion of might
 F - a potion of haste
 J - a potion of heal wounds
 S - 3 potions of flight
Comestibles
 c - 14 bread rations
 k - 21 royal jellies
 m - 5 meat rations


   Skills:
 + Level 10.2 Fighting
 - Level 14.0 Maces & Flails
 + Level 10.2 Armour
 + Level 8.8 Dodging
   Level 1.4 Shields
 - Level 7.0 Evocations


You had 12 spell levels left.
You didn't know any spells.

Dungeon Overview and Level Annotations

Branches:
Dungeon (14/15)            Temple (0/1) D:7            Lair (3/6) D:11
 Shoals (0/4) Lair:2        Snake (0/4) Lair:3          Orc (0/2) D:9
 Vaults (0/5) D:14

Altars:
Ashenzari
Cheibriados
Elyvilon
Gozag
Kikubaaqudgha
Makhleb
Nemelex Xobeh
Okawaru
Qazlal
Ru
Uskayaw
Zin

Shops:
D:5 *   D:8 (   D:13 *   D:14 *

Annotations:
Lair:3 exclusion: oklob plant


Innate Abilities, Weirdness & Mutations

You have a pair of large antennae on your head. (SInv)
You are completely covered in molten scales. (AC +4, rF+)
You are slightly more attuned to the shadows.
You can translocate small distances at will.
You are clumsy. (Dex -2)
Your flesh is cold resistant. (rC+)
Your flesh is very heat resistant. (rF++)
Your magical capacity is low. (-10% MP)
You are somewhat resistant to further mutation.
Your muscles are strong. (Str +2)
Your spells are a little harder to cast, but a little more powerful.


Message History

You hit the oklob plant.
The oklob plant is almost destroyed.
The oklob plant spits acid at you. The splash of acid hits you!
* * * LOW HITPOINT WARNING * * *
You are splashed with acid!
The acid burns!
* * * LOW HITPOINT WARNING * * *
You hit the oklob plant but do no damage.
The oklob plant looks as sick as possible!
The oklob plant is almost destroyed.
You hit the oklob plant but do no damage.
The oklob plant is almost destroyed.
You hit the oklob plant but do no damage.
The oklob plant looks as sick as possible!
The oklob plant is almost destroyed.
The oklob plant spits acid at you. The splash of acid hits you!
* * * LOW HITPOINT WARNING * * *
You are splashed with acid!
The acid burns!
You die...

#≈≈≈≈≈≈#.###
###..P..
#≈....≈#.#.#
####..
###......#..##
##.
#(.......#.##
#. #".......'.#
#.
####=.......###
##
#..###......#
## #..#
#≈....≈# #.
###.# #≈≈≈@≈≈#
##. #...#


#PPPPPP# ##P. #.#.########## ##... ##.#.......##### #.#.. ####P.......#.# ##.##
##........## ##..# #.........## ##..## ##.........### #...# ##........#.# #...#
You could see an oklob plant.

Vanquished Creatures
  The ghost of adozu the Geomancer, a journeyman DrEE of Hepliaklqana (Lair:3)
  A minotaur (Lab)
  A naga warrior (D:14)
  A vault guard (D:14)
  5 two-headed ogres
  2 tengu warriors (D:13)
  A skeletal warrior (D:13)
  2 unseen horrors
  2 wizards (D:14)
  An orc knight (D:14)
  A deep elf mage (D:12)
  A harpy (shapeshifter) (D:14)
  A necromancer (D:14)
  3 cyclopes
  4 ugly things (D:12)
  A manticore (D:13)
  An oklob plant (Lair:3)
  3 centaur zombies
  2 gargoyles
  A freezing wraith (D:13)
  2 spiny frogs (Lair:3)
  A komodo dragon (Lair:1)
  A polar bear (Lair:2)
  A queen bee (Lair:1)
  3 trolls
  A hornet (D:11)
  5 slime creatures (D:13)
  A meliai zombie (D:14)
  4 hippogriffs
  4 blink frogs (Lair:3)
  2 wraiths
  20 yaks
  3 shadows
  A wyvern (D:14)
  A vampire (D:12)
  2 basilisks
  14 humans
  A steam dragon (D:13)
  A hungry ghost (D:13)
  2 vampire mosquitoes (D:13)
  5 swamp worms (Lair:1)
  5 water moccasins
  2 porcupines (Lair:2)
  6 orc warriors
  3 ice beasts
  3 sky beasts
  3 black bears
  3 phantoms
  3 ogres
  7 centaurs
  2 wolves (D:11)
  6 crocodiles
  2 big kobolds
  Blork the orc (D:6)
  5 bullfrogs
  A wyvern skeleton (D:11)
  4 scorpions
  30 killer bees
  A wight (D:13)
  5 howler monkeys
  5 electric eels
  A bullfrog zombie (D:9)
  7 crimson imps
  10 hounds
  7 jellies
  3 orc priests
  12 orc wizards
  3 bullfrog skeletons
  4 centaur skeletons
  Terence (D:2)
  5 iguanas
  13 worker ants
  A hound skeleton (D:5)
  A worker ant zombie (D:6)
  Robin (D:2)
  13 gnolls
  A howler monkey skeleton (D:10)
  18 adders
  4 shadow imps
  An ooze (D:6)
  2 adder skeletons
  An adder zombie (D:9)
  12 worms
  3 dart slugs
  2 leopard geckos
  42 orcs
  5 giant cockroaches
  14 goblins
  8 hobgoblins
  2 jackals (D:3)
  14 kobolds
  3 quokkas
  A ball python (D:2)
  A ball python skeleton (D:4)
  5 bats
  4 frilled lizards
  A jackal skeleton (D:7)
  4 rats
  A plant (Lair:1)
438 creatures vanquished.

Vanquished Creatures (collateral kills)
  A death knight (D:13)
  Nergalle (D:10)
  A wizard (D:14)
  A deep elf mage (D:10)
  A shadow (D:13)
  A spriggan (D:10)
  8 humans (D:14)
  A hungry ghost (D:9)
  4 swamp worms (Lair:1)
  An ice beast (D:14)
  An ogre (D:14)
  An orc warrior (D:9)
  A boggart (shapeshifter) (D:14)
  5 centaurs
  2 scorpions
  3 wights (D:13)
  2 howler monkeys (D:9)
  A jelly (D:14)
  An adder zombie (D:9)
  A worm (Lair:1)
  8 orcs
  A quokka (D:9)
47 creatures vanquished.

Vanquished Creatures (others)
  2 fungi
  2 plants (Lair:1)
4 creatures vanquished.

Grand Total: 489 creatures vanquished

Notes
Turn   | Place    | Note
-------+----------+-------------------------------------------
     0 | D:1      | Dysjunc the Demonspawn Berserker began the quest for the Orb.
     0 | D:1      | Reached XP level 1. HP: 18/18 MP: 1/1
   337 | D:1      | Reached skill level 3 in Maces & Flails
   345 | D:1      | Gained mutation: You have a pair of small antennae on your head. [demonic ancestry]
   345 | D:1      | Reached XP level 2. HP: 20/24 MP: 2/2
   950 | D:2      | Noticed Robin
   952 | D:2      | Reached ** piety under Trog
   955 | D:2      | Gained mutation: You have a pair of antennae on your head. [demonic ancestry]
   955 | D:2      | Reached XP level 3. HP: 29/29 MP: 3/3
   979 | D:2      | Killed Robin
  1167 | D:2      | Noticed Terence
  1172 | D:2      | Killed Terence
  1172 | D:2      | Gained mutation: You have a pair of large antennae on your head. (SInv) [demonic ancestry]
  1172 | D:2      | Reached XP level 4. HP: 35/35 MP: 4/4
  1816 | D:3      | Reached skill level 4 in Maces & Flails
  1886 | D:3      | Reached XP level 5. HP: 42/42 MP: 5/5
  2374 | D:3      | Found a burning altar of Makhleb.
  2456 | D:4      | Found a shattered altar of Ashenzari.
  2462 | D:4      | Reached XP level 6. HP: 37/48 MP: 6/6
  2580 | D:4      | Reached *** piety under Trog
  2704 | D:4      | Found a shattered altar of Ashenzari.
  2747 | D:4      | Reached skill level 5 in Maces & Flails
  2981 | D:4      | Reached XP level 7. HP: 55/55 MP: 7/7
  3152 | D:5      | Entered Level 5 of the Dungeon
  3289 | D:5      | Reached skill level 5 in Fighting
  3289 | D:5      | Reached skill level 6 in Maces & Flails
  3934 | D:5      | Found Gyduif's General Store.
  4337 | D:6      | Reached XP level 8. HP: 46/62 MP: 8/8
  4340 | D:6      | Reached skill level 7 in Maces & Flails
  4685 | D:6      | Found a hide-covered altar of Uskayaw.
  4685 | D:6      | Found a snail-covered altar of Cheibriados.
  4691 | D:6      | Found a sacrificial altar of Ru.
  4694 | D:6      | Found a white marble altar of Elyvilon.
  4695 | D:6      | Found an opulent altar of Gozag.
  4791 | D:6      | Reached skill level 8 in Maces & Flails
  5106 | D:6      | Noticed Blork the orc
  5153 | D:6      | Killed Blork the orc
  5222 | D:6      | You fall through a shaft!
  5239 | D:7      | Reached skill level 9 in Maces & Flails
  5633 | D:7      | Gained mutation: You are partially covered in molten scales. (AC +2) [demonic ancestry]
  5633 | D:7      | Reached XP level 9. HP: 68/68 MP: 9/9
  5637 | D:7      | Gained mutation: Scrolls take you a little longer to read. [mutagenic meat]
  5638 | D:7      | Gained mutation: You have sharp toenails. [mutagenic meat]
  5639 | D:7      | Gained mutation: Your spells are a little harder to cast, but a little more powerful. [mutagenic meat]
  5641 | D:7      | Lost mutation: Scrolls take you a little longer to read. [potion of mutation]
  5641 | D:7      | Lost mutation: You have sharp toenails. [potion of mutation]
  5641 | D:7      | Gained mutation: You can translocate small distances at will. [potion of mutation]
  5641 | D:7      | Gained mutation: Your muscles are strong. (Str +2) [potion of mutation]
  5698 | D:7      | Reached **** piety under Trog
  5788 | D:7      | Found a staircase to the Ecumenical Temple.
  5847 | D:7      | Reached skill level 10 in Maces & Flails
  6138 | D:8      | Noticed a two-headed ogre
  6147 | D:8      | Killed a two-headed ogre
  6147 | D:8      | Reached skill level 11 in Maces & Flails
  6266 | D:8      | Found Naguungo's Antique Weapon Shop.
  6924 | D:9      | Reached skill level 12 in Maces & Flails
  7013 | D:9      | Reached XP level 10. HP: 28/74 MP: 10/10
  7307 | D:9      | Found a staircase to the Orcish Mines.
  7396 | D:9      | Found a stormy altar of Qazlal.
  7397 | D:9      | Found an ancient bone altar of Kikubaaqudgha.
  7399 | D:9      | Found a sparkling altar of Nemelex Xobeh.
  7939 | D:9      | Reached skill level 13 in Maces & Flails
  8145 | D:10     | Entered Level 10 of the Dungeon
  8164 | D:10     | Noticed a deep elf mage
  8170 | D:10     | Noticed Nergalle
  8173 | D:10     | Killed a deep elf mage
  8180 | D:10     | Killed Nergalle
  8378 | D:10     | Reached skill level 14 in Maces & Flails
  8388 | D:10     | Reached skill level 1 in Shields
  8473 | D:10     | Noticed a two-headed ogre
  8481 | D:10     | Killed a two-headed ogre
  8481 | D:10     | Gained mutation: You are mostly covered in molten scales. (AC +3) [demonic ancestry]
  8481 | D:10     | Reached XP level 11. HP: 35/80 MP: 11/11
  8799 | D:11     | Found a staircase to the Lair.
  9831 | D:12     | Reached skill level 5 in Armour
  9886 | D:12     | Noticed a deep elf mage
  9887 | D:12     | Noticed a brown ugly thing
  9893 | D:12     | Killed a deep elf mage
  9895 | D:12     | Noticed a red ugly thing
  9902 | D:12     | Killed a brown ugly thing
  9906 | D:12     | Killed a red ugly thing
  9952 | D:12     | Gained mutation: You are clumsy. (Dex -2) [mutagenic meat]
  9982 | D:12     | Noticed a cyan ugly thing
  9982 | D:12     | Noticed a cyan ugly thing
  9995 | D:12     | Killed a cyan ugly thing
 10001 | D:12     | Killed a cyan ugly thing
 10001 | D:12     | Reached skill level 5 in Dodging
 10009 | D:12     | Gained mutation: Your flesh is cold resistant. (rC+) [mutagenic meat]
 10088 | D:12     | Noticed an unseen horror
 10096 | D:12     | Killed an unseen horror
 10240 | D:12     | Noticed a two-headed ogre
 10250 | D:12     | Killed a two-headed ogre
 10409 | D:12     | Gained mutation: You are slightly more attuned to the shadows. [demonic ancestry]
 10409 | D:12     | Reached XP level 12. HP: 75/91 MP: 12/12
 10837 | D:13     | Found Wooluh's Elemental Accessories.
 11028 | D:13     | Gained mutation: Your flesh is heat resistant. (rF+) [mutagenic meat]
 11029 | D:13     | Gained mutation: Your flesh is very heat resistant. (rF++) [mutagenic meat]
 11030 | D:13     | Gained mutation: Your magical capacity is low. (-10% MP) [mutagenic meat]
 11032 | D:13     | Gained mutation: You are somewhat resistant to further mutation. [mutagenic meat]
 11054 | D:13     | Noticed a two-headed ogre
 11065 | D:13     | Killed a two-headed ogre
 11177 | D:13     | Noticed a tengu warrior
 11177 | D:13     | Noticed a tengu warrior
 11465 | D:13     | Noticed a two-headed ogre
 11475 | D:13     | Killed a two-headed ogre
 11491 | D:13     | Noticed a death knight
 11500 | D:13     | Killed a death knight
 11997 | D:13     | Killed a tengu warrior
 12005 | D:13     | Killed a tengu warrior
 12675 | D:14     | Found a glowing silver altar of Zin.
 12797 | D:14     | Found Jegom's General Store.
 12800 | D:14     | Bought a potion of mutation for 88 gold pieces
 13001 | D:14     | Reached skill level 1 in Evocations
 13011 | D:14     | Found a large runed door.
 13012 | D:14     | Found a large runed door.
 13103 | D:14     | Reached skill level 10 in Armour
 13144 | D:14     | Gained mutation: You are completely covered in molten scales. (AC +4, rF+) [demonic ancestry]
 13144 | D:14     | Reached XP level 13. HP: 101/101 MP: 11/13
 13241 | D:14     | Found a gate to the Vaults.
 13782 | D:14     | Found an iron altar of Okawaru.
 13782 | D:14     | Found an iron altar of Okawaru.
 13954 | Lair:1   | Entered Level 1 of the Lair of Beasts
 13985 | Lair:1   | Reached skill level 5 in Evocations
 14045 | Lair:1   | Found a labyrinth entrance.
 14072 | Lab      | Entered a labyrinth
 14427 | Lab      | Noticed a minotaur
 14438 | Lab      | Killed a minotaur
 15068 | Lab      | Got a pair of shimmering boots
 15079 | Lab      | Identified the cursed -4 pair of boots of Precision Catastrophes {MP+9 Str+4} (You found it in a labyrinth)
 15091 | Lab      | Got a fine hat
 15091 | Lab      | Got a heavily runed helmet
 15092 | Lab      | Identified the +2 helmet of the Camelopard {+Fly rElec Str+8 Int-5} (You found it in a labyrinth)
 17295 | Lair:2   | Found a staircase to the Shoals.
 17360 | Lair:2   | Reached skill level 10 in Fighting
 18069 | Lair:3   | Found a staircase to the Snake Pit.
 18108 | Lair:3   | Noticed adozu's ghost (journeyman DrEE)
 18128 | Lair:3   | Killed adozu's ghost
 19153 | Lair:3   | HP: 4/103 [acid (8)]
 19156 | Lair:3   | Splashed by an oklob plant's acid

Vault maps used:
D:1:      dpeg_arrival_lava_temple_mockup
D:2:      uniq_terence, uniq_robin
D:3:      makhleb_blood_cavern_becter
D:4:      lemuel_crystal_altar, ashenzari_altar_1
D:5:      first_bread, serial_shops, shop, minmay_misc_feat_tiny
D:6:      chequers_temple_overflow_minitemple, uniq_blork_the_orc
D:7:      minmay_temple_entry_poolview
D:8:      serial_shops, shop
D:9:      minitemple, erik_orc_2
D:10:     hangedman_stone_soup, uniq_nergalle
D:11:     erik_lair_island
D:12:     serial_bayou_pond_b
D:13:     nicolae_elemental_shop
D:14:     okawaru_arena_lexackson, grunt_vaults_entry_tiered, serial_shops,
          kennysheep_mini_moat, lemuel_doored_altar
Lair:1:   special_room, lab_entry_generic, small_statue_intersection,
          worms_lemuel, serial_bayou_shore_b, grunt_megastairs_2
Lair:2:   elwin_shoals_entry_rocks
Lair:3:   dpeg_oklob_gauntlet, dummy_snake_entry
Lab:      labyrinth_hidden_loot

Skill      XL: |  1  2  3  4  5  6  7  8  9 10 11 12 13 |
---------------+----------------------------------------+-----
Maces & Flails | 3 4 5 6 9 12 14 | 14.0
Armour         | 2 3 7 10 | 10.2
Dodging        | 2 3 5 7 8 |  8.8
Fighting       | 4 5 7 9 10 | 10.2
Shields        | 1 |  1.4
Evocations     | 2 7 |  7.0

Action                   |  1- 3 |  4- 6 |  7- 9 | 10-12 | 13-15 || total
-------------------------+-------+-------+-------+-------+-------++-------
Melee: Mace              |   102 |       |   212 |       |       ||   314
       Short sword       |       |   175 |       |       |       ||   175
       Dire flail        |       |       |   169 |   635 |   391 ||  1195
Invok: Berserk           |     2 |     3 |     9 |    17 |    12 ||    43
       Trog's Hand       |       |     1 |    10 |    20 |    10 ||    41
       Burn Spellbooks   |       |     1 |     3 |     2 |     2 ||     8
       Brothers in Arms  |       |       |     1 |    10 |     4 ||    15
 Abil: Blink             |       |       |     1 |     1 |     1 ||     3
Evoke: Wand              |       |       |       |     1 |     4 ||     5
  Use: Scroll            |       |    10 |    11 |    12 |     8 ||    41
       Potion            |       |       |     8 |       |     7 ||    15
 Stab: Sleeping          |     1 |     5 |     6 |     1 |       ||    13
       Distracted        |       |       |     2 |       |       ||     2
       Paralysed         |       |       |       |     2 |       ||     2
       Invisible         |       |       |       |       |     6 ||     6
  Eat: Chunk             |     2 |    10 |    16 |    36 |    11 ||    75
       Royal jelly       |       |       |     2 |       |     2 ||     4
       Fruit             |       |       |     1 |     5 |     2 ||     8
       Meat ration       |       |       |     1 |     3 |     4 ||     8
       Bread ration      |       |       |     1 |       |       ||     1
Armor: Animal skin       |    11 |       |       |       |       ||    11
       Chain mail        |    44 |       |       |       |       ||    44
       Scale mail        |       |    39 |       |       |       ||    39
       Leather armour    |       |    56 |   152 |    41 |       ||   249
       Plate armour      |       |       |       |   291 |   190 ||   481
       Skin              |       |       |       |       |    93 ||    93
Dodge: Dodged            |    53 |   118 |   328 |   263 |   174 ||   936

Table legend:
 A = Spawn XP
 B = Non-spawn XP
 C = Spawn XP percentage of total XP
 D = Spawn monster count
 E = Non-spawn monster count
 F = Spawn count percentage of total count
 G = Total turns spent on level
                    A         B        C        D         E        F      G
               +---------+---------+-------+---------+---------+-------+---------
         Total |       0 |   57774 |   0.0 |       0 |     484 |   0.0 | 19156
               +---------+---------+-------+---------+---------+-------+---------
           D:1 |       0 |      30 |   0.0 |       0 |      18 |   0.0 |   918
           D:2 |       0 |     101 |   0.0 |       0 |      23 |   0.0 |   893
           D:3 |       0 |     207 |   0.0 |       0 |      28 |   0.0 |   612
           D:4 |       0 |     438 |   0.0 |       0 |      19 |   0.0 |   729
           D:5 |       0 |     391 |   0.0 |       0 |      15 |   0.0 |  1033
           D:6 |       0 |    1113 |   0.0 |       0 |      23 |   0.0 |  1299
           D:7 |       0 |     978 |   0.0 |       0 |      35 |   0.0 |   517
           D:8 |       0 |    1100 |   0.0 |       0 |       8 |   0.0 |   583
           D:9 |       0 |    3284 |   0.0 |       0 |      59 |   0.0 |  1561
          D:10 |       0 |    3832 |   0.0 |       0 |      23 |   0.0 |   506
          D:11 |       0 |    2248 |   0.0 |       0 |      31 |   0.0 |  1291
          D:12 |       0 |    8530 |   0.0 |       0 |      37 |   0.0 |  1121
          D:13 |       0 |   11188 |   0.0 |       0 |      41 |   0.0 |  1426
          D:14 |       0 |   12934 |   0.0 |       0 |      49 |   0.0 |  1465
        Lair:1 |       0 |    5006 |   0.0 |       0 |      56 |   0.0 |  2056
        Lair:2 |       0 |    1256 |   0.0 |       0 |       6 |   0.0 |   894
        Lair:3 |       0 |    4027 |   0.0 |       0 |      12 |   0.0 |  1220
           Lab |       0 |    1111 |   0.0 |       0 |       1 |   0.0 |  1032
               +---------+---------+-------+---------+---------+-------+---------
